 Dungeon Crawl Stone Soup version 0.29.1-15-g9cfb28693d (webtiles) character file.

Game seed: 12087296228693602393

2249 Achh the Fighter (level 9, -3/81 HPs)
             Began as a Minotaur Fighter on Mar 15, 2023.
             Slain by a yak (5 damage)
             ... on level 7 of the Dungeon.
             The game lasted 00:37:13 (6137 turns).

Achh the Fighter (Minotaur Fighter)                 Turns: 6137, Time: 00:37:13

Health: -3/81      AC: 10    Str: 25    XL:     9   Next: 15%
Magic:  8/8        EV:  8    Int:  5    God:
Gold:   397        SH: 14    Dex: 10    Spells: 8/8 levels left

rFire   . . .      SeeInvis +   a - +0 war axe
rCold   . . .      Faith    .   t - +4 kite shield
rNeg    + . .      Spirit   .   b - +0 scale mail
rPois   .          Reflect  .   (helmet restricted)
rElec   .          Harm     .   l - +0 cloak
rCorr   .          Rampage  .   A - +0 pair of gloves
Will    .....                   (no boots)
Stlth   ..........              (no amulet)
HPRegen 0.23/turn               m - ring "Siuddi" {rN+ SInv}
MPRegen 0.11/turn               (no ring)

@: no status effects
A: horns 2, retaliatory headbutt
a: no special abilities


You were on level 7 of the Dungeon.
You visited 2 branches of the dungeon, and saw 8 of its levels.
You also visited: Sewer and Ossuary.

You collected 397 gold pieces.

Inventory:

Hand Weapons
 a - a +0 war axe (weapon)
 x - a +3 morningstar
Missiles
 e - a throwing net (quivered)
Armour
 b - a +0 scale mail (worn)
 c - a +0 buckler
 l - a +0 cloak (worn)
 p - a +0 troll leather armour
 t - a +4 kite shield (worn)
 A - a +0 pair of gloves (worn)
Jewellery
 m - the ring "Siuddi" (left hand) {rN+ SInv}
   (You found it on level 2 of the Dungeon)

   [ring of see invisible]

   rN:        It protects you from negative energy.
   SInv:      It lets you see invisible.
Wands
 d - a wand of digging (8)
 i - a wand of flame (1)
Scrolls
 h - a scroll of immolation
 n - 2 scrolls of butterflies
 u - 7 scrolls of magic mapping
 v - a scroll of amnesia {unknown}
 w - 3 scrolls of blinking
 y - 6 scrolls of noise
 z - a scroll of enchant weapon {unknown}
 B - 4 scrolls of silence {unknown}
 C - 2 scrolls of teleportation {unknown}
 F - 2 scrolls of enchant armour
 H - a scroll of summoning {unknown}
 J - 2 scrolls of fear {unknown}
Potions
 f - 3 potions of lignification {unknown}
 g - 2 potions of brilliance
 j - a potion of resistance {unknown}
 k - 2 potions of mutation {unknown}
 o - 2 potions of heal wounds {unknown}
 q - 11 potions of degeneration
 r - a potion of magic {unknown}
 s - a potion of berserk rage {unknown}
 D - 2 potions of haste {unknown}
 E - 2 potions of cancellation
 G - a potion of invisibility {unknown}
 I - 4 potions of curing


   Skills:
 + Level 8.2 Fighting
 + Level 7.6 Axes
 + Level 8.2 Armour
 + Level 8.1 Shields


You had 8 spell levels left.
You didn't know any spells.
Your spell library contained the following spells:

 Spells                   Type           Power      Damage    Failure   Level
 Sublimation of Blood     Necr           0%         N/A       99%         2
 Conjure Flame            Conj/Fire      0%         6-21      100%        3
 Ignite Poison            Fire/Tmut/Pois 0%         N/A       100%        3
 Ozocubu's Armour         Ice            0%         N/A       100%        3
 Petrify                  Tmut/Erth      0%         N/A       100%        4
 Sticky Flame             Conj/Fire      0%         2d3       100%        4
 Irradiate                Conj/Tmut      0%         3d11      100%        5
 Summon Forest            Summ/Tloc      0%         N/A       100%        5
 Eringya's Noxious Bog    Tmut/Pois      0%         N/A       100%        6
 Ozocubu's Refrigeration  Ice            0%         4d7       100%        7
 Summon Hydra             Summ           0%         N/A       100%        7


Dungeon Overview and Level Annotations

Branches:
Dungeon (7/15)             Temple (1/1) D:4           Sewer (visited)
Ossuary (visited)

Altars:
Ashenzari
Cheibriados
Elyvilon
Fedhas
Gozag
Nemelex Xobeh
Sif Muna
Trog
Uskayaw
Yredelemnul
Zin

Shops:
D:1 :   D:7 *


Innate Abilities, Weirdness & Mutations

You have a pair of horns on your head.
You reflexively headbutt those who attack you in melee.


Message History

Your Armour skill increases to level 8!
Your Shields skill increases to level 8!
You feel better. You block the yak's attack. x2
You barely miss the yak.
The yak is lightly wounded.
You barely miss the yak. The yak gores you!
* * * LOW HITPOINT WARNING * * *
The yak gores you!
* * * LOW HITPOINT WARNING * * *
The yak gores you.
* * * LOW HITPOINT WARNING * * *
You block the yak's attack.
Blink to where?
Press: ? - help, Dir - move target
Okay, then.
There are monsters nearby!
You feel better. The yak gores you!
* * * LOW HITPOINT WARNING * * *
You block the yak's attack.
You slash the yak!
The yak is moderately wounded.
You hit the yak. The yak misses you. You furiously retaliate!
You headbutt the yak, but do no damage. The yak gores you.
* * * LOW HITPOINT WARNING * * *
You hit the yak but do no damage. You headbutt the yak!
The yak is heavily wounded.
You hit the yak but do no damage. You block the yak's attack. x2
You hit the yak but do no damage.
The yak is heavily wounded.
You slash the yak! You block the yak's attack. x2
You hit the yak.
The yak is severely wounded.
You completely miss the yak. The yak gores you but does no damage.
The yak closely misses you. You block the yak's attack.
The yak closely misses you. You furiously retaliate!
You headbutt the yak! You slash the yak!
The yak is almost dead.
You hit the yak but do no damage. You block the yak's attack.
The yak gores you.
You die...

#.# .##.....##.#
# ### #.#
..######.# .
..##.# #.# #.
..#.# #.#
##.##.#.# . #.#
..#...#.#.# ...
#.#
....∩.....#..##
#.#
..#...#........+
..##. #@Y#######
...#...†Y......
## ####.#######
... ##.# ... #.#
...


You could see 2 yaks.

Vanquished Creatures
  Sigmund (D:5)
  3 yaks (D:7)
  Eustachio (D:5)
  Pargi (Sewer)
  2 ogres
  The ghost of Quickbrownfox the Charlatan, an amateur DsWn of Gozag (D:4)
  A phantom (D:4)
  A kobold brigand (D:6)
  3 bullfrogs
  A necrophage (D:6)
  4 scorpions
  2 hounds (D:6)
  A jelly (D:5)
  A gnoll bouda (D:4)
  A human zombie (Ossuary)
  2 iguanas
  2 orc wizards (D:2)
  A hound zombie (D:4)
  2 mummies (Ossuary)
  4 gnolls (D:4)
  8 adders
  2 shadow imps (D:6)
  A white imp (D:6)
  2 ufetubi (D:4)
  An adder zombie (D:4)
  3 worms
  2 dart slugs
  8 orcs
  19 ball pythons
  2 bats
  4 endoplasms
  3 giant cockroaches
  4 goblins
  7 hobgoblins
  2 jackals (D:3)
  2 quokkas
  7 frilled lizards
  11 kobolds
  An orc zombie (Ossuary)
  A quokka zombie (D:5)
  6 rats
  A rat zombie (D:5)
132 creatures vanquished.

Notes
Turn   | Place    | Note
-------+----------+-------------------------------------------
     0 | D:1      | Achh the Minotaur Fighter began the quest for the Orb.
     0 | D:1      | Reached XP level 1. HP: 19/19 MP: 0/0
    18 | D:1      | Found Laeseff's Book Shoppe.
   133 | D:1      | Reached XP level 2. HP: 25/27 MP: 1/1
   821 | D:2      | Reached XP level 3. HP: 33/33 MP: 2/2
   844 | D:2      | Identified the ring "Siuddi" {rN+ SInv}
  1126 | D:2      | Reached XP level 4. HP: 35/40 MP: 3/3
  1735 | D:3      | Noticed a scorpion
  1752 | D:3      | Killed a scorpion
  1753 | D:3      | Reached XP level 5. HP: 10/47 MP: 4/4
  2313 | D:3      | Found a faded altar of an unknown god.
  2544 | D:4      | Reached skill level 5 in Fighting
  2544 | D:4      | Reached skill level 5 in Armour
  2564 | D:4      | Found a staircase to the Ecumenical Temple.
  2603 | D:4      | Reached skill level 5 in Shields
  2639 | D:4      | Reached XP level 6. HP: 56/56 MP: 5/5
  2759 | Temple   | Entered the Ecumenical Temple
  2893 | D:4      | HP: 2/56 [ogre/+0 giant club (27)]
  3275 | D:4      | Found a runed translucent gate.
  3275 | D:4      | Found a runed translucent gate.
  3275 | D:4      | Found a runed translucent gate.
  3275 | D:4      | Noticed Quickbrownfox's ghost (amateur DsWn)
  3277 | D:4      | Found a basalt altar of Yredelemnul.
  3289 | D:4      | Killed Quickbrownfox's ghost
  3290 | D:4      | Reached skill level 5 in Axes
  3290 | D:4      | Reached XP level 7. HP: 59/62 MP: 6/6
  3446 | D:5      | Entered Level 5 of the Dungeon
  3637 | D:5      | Found a hide-covered altar of Uskayaw.
  3709 | D:5      | Noticed Sigmund
  3721 | D:5      | Killed Sigmund
  3873 | D:5      | Found a sand-covered staircase.
  3881 | Ossuary  | Entered an ossuary
  4107 | D:5      | Noticed Eustachio
  4133 | D:5      | Killed Eustachio
  4134 | D:5      | Reached XP level 8. HP: 31/71 MP: 7/7
  4380 | D:5      | Found a sparkling altar of Nemelex Xobeh.
  4977 | D:6      | Found a glowing drain.
  5004 | Sewer    | Entered a sewer
  5040 | Sewer    | Noticed Pargi
  5079 | Sewer    | Killed Pargi
  6114 | D:7      | Found Izxyn's Gadget Gallery.
  6126 | D:7      | Reached XP level 9. HP: 57/81 MP: 8/8
  6133 | D:7      | HP: 1/81 [yak (4)]
  6137 | D:7      | Slain by a yak

Illustrated notes

Levels and vault maps discovered:
D:1:      onia_arrival_pyramid, layout_basic, serial_shops, shop_statue
D:2:      layout_basic
D:3:      layout_loops_cross, hellmonk_ecumenical_altar_dog_temple,
          item_on_display_a
D:4:      minmay_general_purpose_star, layout_rooms,
          nicolae_yredelemnul_ghost_church, temple_doors_e
D:5:      layout_basic, nicolae_uskayaw_murder_on_the_dancefloor,
          mainiacjoe_overflow_brackets, enter_ossuary_4, uniq_eustachio,
          uniq_sigmund
D:6:      layout_basic, cheibrodos_sewer_entry_bend
D:7:      layout_basic, nicolae_ru_sacrificial_ziggurat, enter_bailey_2,
          minivault_25, nicolae_shop_gadgets
Temple:   hellmonk_temple_two_chambers

Skill      XL: |  1  2  3  4  5  6  7  8  9 |
---------------+----------------------------+-----
Fighting       | 4 5 6 7 8 |  8.2
Axes           | 3 4 5 6 7 |  7.6
Armour         | 4 5 6 7 8 |  8.2
Shields        | 4 5 6 7 8 |  8.1

Action                   |  1- 3 |  4- 6 |  7- 9 || total
-------------------------+-------+-------+-------++-------
Melee: War axe           |    74 |   110 |   177 ||   361
       Headbutt          |     8 |     9 |    34 ||    51
Evoke: Wand              |       |     2 |     6 ||     8
  Use: Potion            |       |     4 |     5 ||     9
       Scroll            |       |       |     7 ||     7
Armor: Scale mail        |    44 |    45 |    99 ||   188
Dodge: Dodged            |    53 |    48 |    79 ||   180
Block: Buckler           |    27 |     1 |       ||    28
       Kite shield       |       |    73 |   173 ||   246
